 Dungeon Crawl Stone Soup version 0.13.1-19-g4b9377e (webtiles) character file.

441 Chiseanne the Shield-Bearer (level 6, 0/43 HPs)
             Began as a Halfling Fighter on Dec 21, 2013.
             Was a Believer of Nemelex Xobeh.
             Slain by an ogre
             ... wielding a +0,+0 giant club
              (5 damage)
             ... on Level 4 of the Dungeon.
             The game lasted 00:12:38 (4809 turns).

Chiseanne the Shield-Bearer (Halfling Fighter)      Turns: 4809, Time: 00:12:39

HP   0/43        AC 11     Str 20      XL: 6   Next: 10%
MP   2/5         EV 10     Int  8      God: Nemelex Xobeh [**....]
Gold 235         SH 12     Dex 16      Spells:  0 memorised,  5 levels left

Res.Fire  : . . .   See Invis. : .   a - +0,+1 hand axe {=f}
Res.Cold  : + . .   Warding    : .   v - +0 chain mail
Life Prot.: . . .   Conserve   : .   c - +0 buckler
Res.Poison: .       Res.Corr.  : .   (no helmet)
Res.Elec. : .       Clarity    : .   b - +0 cloak
Sust.Abil.: . .     Spirit.Shd : .   n - +0 pair of gloves
Res.Mut.  : .       Stasis     : .   (no boots)
Res.Rott. : .       Flight     : .   (no amulet)
Saprovore : . . .                    x - ring of protection from cold
                                     q - +2 ring of evasion

@: mighty, sage [Transmutations, Axes], slightly resistant to hostile
enchantments, extremely unstealthy
A: mutation resistance 1, slow metabolism 1
a: Draw One, Peek at Two, Renounce Religion


You were on level 4 of the Dungeon.
You worshipped Nemelex Xobeh.
Nemelex Xobeh was pleased with you.
You were not hungry.

You visited 1 branch of the dungeon, and saw 4 of its levels.

You collected 215 gold pieces.

Inventory:

Hand weapons
 a - a +0,+1 hand axe (weapon) {=f}
Missiles
 g - 30 poisoned needles
 m - 4 exploding darts (quivered)
Armour
 b - a +0 cloak (worn)
 c - a +0 buckler (worn)
 n - a +0 pair of gloves (worn)
 v - a +0 chain mail (worn)
Comestibles
 d - a bread ration
 s - 2 meat rations
Scrolls
 e - a scroll of teleportation
 h - 4 scrolls of remove curse {unknown}
 j - a scroll of fear {unknown}
 k - a scroll of enchant armour {unknown}
 o - 3 scrolls of identify
 p - a scroll of amnesia {unknown}
 r - a scroll of curse jewellery {unknown}
 t - a scroll of blinking {unknown}
 w - a scroll of noise {unknown}
Jewellery
 q - a +2 ring of evasion (left hand)
 u - an uncursed ring of magical power
 x - a ring of protection from cold (right hand)
Potions
 i - a potion of brilliance
Miscellaneous
 l - a plain deck of destruction {drawn: 2} {god gift}


   Skills:
 * Level 3.5 Fighting
 - Level 1.7 Axes
 * Level 3.6 Armour
 * Level 2.7 Dodging
 * Level 4.1 Shields


You had 5 spell levels left.
You didn't know any spells.

Dungeon Overview and Level Annotations

Branches:
Dungeon (4/27)
 Temple: D:4-7

Altars:
Ashenzari
Cheibriados
Fedhas
Makhleb
Nemelex Xobeh
Yredelemnul
Zin


Innate Abilities, Weirdness & Mutations

You are small and have problems with some larger weapons.
You are somewhat resistant to further mutation.
You have a slow metabolism.


Message History

The ogre is moderately wounded.
The ogre barely misses you.
You hit the ogre but do no damage.
The ogre is moderately wounded.
You hit the ogre.
The ogre is moderately wounded.
You block the ogre's attack.
Your chain mail prevents you from hitting the ogre.
The ogre is moderately wounded.
The ogre hits you with a giant club!
Use which ability? (? or * to list)
You fail to use your ability.
You block the ogre's attack.
Use which ability? (? or * to list)
You fail to use your ability.
The ogre hits you with a giant club!
* * * LOW HITPOINT WARNING * * *
Drink which item? (? for menu, Esc to quit)
You feel very mighty all of a sudden.
It was a potion of might.
The ogre hits you with a giant club.
You die...
Your body disappears without a glow.

#........# #......
#........#######.## .
######.................. #.####
#.....................## .......
#.................###### .......
#....#.................. .......
#....#..........>.......
#.......##...O##..###............
.............soO@................
#.......########...##.###........
....... ..................
....... ##..#########......
...O... ...# .. #...... #.####
#..# ###.... . ...# #...... #...
###.... #.. #....


You could see 2 ogres, a giant mite and an orc.

Vanquished Creatures
  A hound (D:2)
  An orc priest (D:3)
  An orc wizard (D:3)
  2 adders
  4 worms
  8 orcs
  2 ball pythons
  5 bats
  5 hobgoblins
  7 kobolds
  2 quokkas
  2 giant cockroaches
  3 giant geckos
  3 giant newts
  9 goblins
  8 jackals (D:1)
  An orc skeleton (D:4)
  10 rats
  A plant (D:1)
75 creatures vanquished.

Notes
Turn   | Place    | Note
--------------------------------------------------------------
     0 | D:1      | Chiseanne, the Halfling Fighter, began the quest for the Orb.
     0 | D:1      | Reached XP level 1. HP: 16/16 MP: 0/0
   273 | D:1      | Reached XP level 2. HP: 15/21 MP: 1/1
   664 | D:1      | Reached XP level 3. HP: 23/27 MP: 2/2
  1116 | D:2      | Reached skill level 1 in Dodging
  1116 | D:2      | Reached XP level 4. HP: 20/32 MP: 3/3
  1787 | D:2      | Found a burning altar of Makhleb.
  1916 | D:2      | Reached skill level 4 in Shields
  1978 | D:2      | Reached XP level 5. HP: 18/37 MP: 4/4
  3500 | D:3      | Reached XP level 6. HP: 43/43 MP: 5/5
  3502 | D:3      | Found a blossoming altar of Fedhas.
  3507 | D:3      | Found a snail-covered altar of Cheibriados.
  3508 | D:3      | Found a shattered altar of Ashenzari.
  3508 | D:3      | Found a glowing silver altar of Zin.
  3509 | D:3      | Found a basalt altar of Yredelemnul.
  3511 | D:3      | Found a sparkling altar of Nemelex Xobeh.
  3521 | D:3      | Became a worshipper of Nemelex Xobeh
  3528 | D:3      | Received a gift from Nemelex Xobeh
  3753 | D:3      | Acquired Nemelex Xobeh's first power
  4389 | D:1      | Received a gift from Nemelex Xobeh
  4718 | D:4      | Acquired Nemelex Xobeh's second power
  4809 | D:4      | Slain by an ogre

Action                   |  1- 3 |  4- 6 || total
-------------------------+-------+-------++-------
Melee: Hand axe          |   174 |   256 ||   430
Invok: Draw One          |       |     2 ||     2
Evoke: Deck              |       |    10 ||    10
  Use: Potion            |       |     8 ||     8
       Scroll            |       |     4 ||     4
